Unix NetHack Version 5.0.0-0 post-release - last build May  4 2026 22:22:43 (774f63e81ad911689b3a0859ea89b322d5daca8d,branch:main).

Game began 2026-05-07 22:26:40, ended 2026-05-08 22:47:04.

Hamtub, chaotic male human Priest

                     ----    -------
                    --..|     .....
                   --...|      ....--
                  --...-         ...|   -
          |     ---..|.|         -..--  .--
          |.   --.%.-|.|         |...---..|
         --.   |....||.|        --.....--.-------
         |...---....-|.--      --..........|.|..|
          -.......)..|..| ------................|
          --..<.......|.| |.=--............-#.
           |.......|.-|.--|..(.........)*#%#
           |.....-----|..||--.....----....)---#
           --.--.|   --..--...)...|  -----....|
            -- ---   |...%.^|.....|      |.^.--
                     |.....-|...---      --@..|
                     |..|`.|-----         --.--
                     -------                --
Hamtub the Adept             St:13 Dx:10 Co:15 In:12 Wi:17 Ch:9  Chaotic
Dlvl:9  $:174 HP:0(60) Pw:82(84) AC:0  Xp:7 T:2331  Blind Deaf

Latest messages:
 The dwarf swings her pick-axe.
 The dwarf just misses!
 The dwarf throws a dagger!
 You are hit by a dagger.
 You hit the dwarf!
 You hit the dwarf!
 You kill the dwarf!
 $ - 75 gold pieces (174 in total).
 You hit the gnome.
 The gnome hits!
 You kill the gnome!
 The dwarf picks up a hooded cloak.
 The dwarf picks up a pick-axe.
 A crossbow bolt misses you.
 A crossbow bolt misses you.
 The dwarf wields a pick-axe!
 You are momentarily blinded by a flash of light!
 You hear a deafening roar!
 It bites!
 It bites!
 You miss it.
 It bites!
 You hit it.
 It bites!
 It hits!
 It misses!
 You miss it.
 It bites!
 It hits!
 It just misses!
 You hit it.
 It bites!
 It hits!
 It hits again!
 It is missed.
 It misses.
 It just misses!
 What do you want to zap? [jrtu or ?*] <enter>
 Never mind.
 You fail to cast the spell correctly.
 It bites!
 It hits!
 It hits again!
 You are hit!
 You die...
 Do you want your possessions identified? [ynq] (y) y
 Do you want to see your attributes? [ynq] (y) y
 Do you want an account of creatures vanquished? [ynaq] (y) y
 Do you want to see your conduct and achievements? [ynq] (y) y
 Do you want to see the dungeon overview? [ynq] (y) y

Inventory:
 Coins    ('$')
  $ - 174 gold pieces
 Weapons  (')')
  k - 8 blessed +0 arrows
  i - 4 +0 arrows
  B - a +0 dwarvish short sword
  a - a blessed +2 mace (weapon in right hand)
 Armor    ('[')
  l - a rusty +0 orcish helm (being worn)
  q - a +0 pair of kicking boots (being worn)
  c - a +0 small shield (being worn)
  I - a blessed +1 dwarvish cloak (being worn)
  C - a blessed +1 dwarvish mithril-coat (being worn)
 Comestibles  ('%')
  e - a clove of garlic
  p - a food ration
  f - a sprig of wolfsbane
 Scrolls  ('?')
  R - a cursed scroll of blank paper
  o - a cursed scroll of identify
  n - a scroll of teleportation
 Spellbooks  ('+')
  g - a spellbook of detect monsters
  s - a spellbook of healing
  h - a spellbook of light
 Potions  ('!')
  N - a cursed potion of full healing
  m - a potion of restore ability
  d - 4 potions of holy water
 Wands    ('/')
  r - a cursed wand of cancellation (0:0)
  u - a wand of digging (0:0)
  t - a blessed wand of striking (0:0)
  j - a wand of striking (0:0)
 Tools    ('(')
  E - a bag of tricks (0:17)
  Q - a credit card
  z - a tallow candle
 Gems/Stones  ('*')
  J - 2 amber stones
  F - a jade stone
  D - a worthless piece of black glass
  K - a worthless piece of blue glass
  b - a worthless piece of green glass
  x - a worthless piece of red glass
  y - a worthless piece of violet glass
  H - a worthless piece of yellow glass
  O - a worthless piece of yellowish brown glass
  v - a luckstone

Hamtub the Priest's attributes:

Background:
 You were an Adept, a level 7 human Priest.
 You were chaotic, nominally on a mission for Huhetotl
 who was opposed by Quetzalcoatl (lawful) and Camaxtli (neutral).
 You were right-handed.
 You were in the Gnomish Mines, on level 9.
 You entered the dungeon 2331 turns ago.
 It was nighttime.
 You had 681 experience points, 599 more were needed to attain level 8.

Basics:
 You had 0 out of 60 hit points.
 You had 82 out of 84 energy points (spell power).
 Your armor class was 0.
 Your wallet contained 174 zorkmids.
 Autopickup was off.

Final Characteristics:
 Your strength was 13 (limit:18/100).
 Your dexterity was 10 (limit:18).
 Your constitution was 15 (limit:18).
 Your intelligence was 12 (limit:18).
 Your wisdom was 17 (limit:18).
 Your charisma was 9 (limit:18).

Final Status:
 You were temporarily blind.
 You were deaf.
 You weren't hungry.
 You were unencumbered.
 You were wielding a mace.
 You had basic skill with mace and could have enhanced that.

Final Attributes:
 You were piously aligned.
 Your items were somewhat protected from fire.
 Your items were somewhat protected from cold.
 You were guarded.
 Your spell casting was impaired by metallic armor.
 You were fast.
 You were lucky.
 You had extra luck.
 Bad luck did not time out for you.
 Good luck did not time out for you.
 You are dead.

Miscellaneous:
 You didn't encounter any bones levels.
 Total elapsed playing time was 1 hour, 48 minutes and 43 seconds.

Major events:
 Turn
    1: Hamtub the chaotic human Priest entered the dungeon
  678: attained the rank of Acolyte (level 3)
 1312: entered the Gnomish Mines
 1697: attained the rank of Adept (level 6)
 2026: reached Mine Town
 2331: killed by an arrow

Spells:
 Name                 Level Category     Fail Retention
 detect monsters        1   divination   100%  76%-100%
 light                  1   clerical     100%   81%-90%
 healing                1   healing      100%  76%-100%

Skills:
 Fighting Skills
   bare handed combat [Unskilled]
 Weapon Skills
   club               [Unskilled]
   mace               [Basic]
   morning star       [Unskilled]
   flail              [Unskilled]
   hammer             [Unskilled]
   quarterstaff       [Unskilled]
   polearms           [Unskilled]
   spear              [Unskilled]
   trident            [Unskilled]
   lance              [Unskilled]
   bow                [Unskilled]
   sling              [Unskilled]
   crossbow           [Unskilled]
   dart               [Unskilled]
   shuriken           [Unskilled]
   boomerang          [Unskilled]
   unicorn horn       [Unskilled]
 Spellcasting Skills
   healing spells     [Unskilled]
   divination spells  [Unskilled]
   clerical spells    [Basic]

Voluntary challenges:
 Character rerolling was not enabled.
 You were an atheist.
 You never genocided any monsters.
 You never polymorphed an object.
 You never changed form.
 You used no wishes.
Achievements:
 You entered a shop.
 You attained the rank of Acolyte.
 You entered the Gnomish Mines.
 You attained the rank of Adept.
 You entered Minetown.

 The Dungeons of Doom: levels 1 to 4
    Level 1:
       A fountain.
    Level 2:
       A general store.
    Level 3:
       A sink.
    Level 4:
       A general store.
       Stairs down to The Gnomish Mines.
 The Gnomish Mines: levels 5 to 9
    Level 5:
    Level 6:
    Level 7:
    Level 8:
       An altar, a fountain.
    Level 9: <- You were here.
       Final resting place for
          you, killed by an arrow.


Vanquished creatures:
  a small mimic
  a lynx
  a giant spider
  a lizard
  a dog
  a fog cloud
  4 gnome leaders
  a gray ooze
  a paper golem
  6 dwarves
  a homunculus
  a kobold shaman
  3 hill orcs
  a rothe
  a giant bat
  a wererat
  3 iguanas
  a gas spore
  3 hobbits
  a hobgoblin
 an orc
 26 gnomes
  2 geckos
  2 jackals
  a fox
  2 kobolds
  2 goblins
  3 sewer rats
  4 grid bugs
  3 lichens
  a newt
81 creatures vanquished.

No species were genocided or became extinct.

Game over:
                       ----------
                      /          \
                     /    REST    \
                    /      IN      \
                   /     PEACE      \
                  /                  \
                  |      Hamtub      |
                  |      174 Au      |
                  |   killed by an   |
                  |      arrow       |
                  |                  |
                  |                  |
                  |       2026       |
                 *|     *  *  *      | *
        _________)/\\_//(\/(/\)/\//\/|_)_______

Goodbye Hamtub the Priest...

You died in The Gnomish Mines on dungeon level 9 with 3361 points,
and 174 pieces of gold, after 2331 moves.
You were level 7 with a maximum of 60 hit points when you died.

